Map: Amphion LE

Players

SpecMelzy - Winner!

  • Race: Terran Terran
  • Spawn Location: 11:00

AoDo

  • Race: Zerg Zerg
  • League: Diamond
  • Spawn Location: 7:00

VOD

Have the link to the VOD?

Description

Test Replay

Time

  • Played on: June 10, 2024, 10:35 p.m.
  • Length: 10:41
Show
View Real Time Build Order
Export as new Build Order

SpecMelzy Terran - Winner!

Build Orders:  

Get SALT Encoding   

  12  0:00  SCV  
  13  0:12  SCV  
  14  0:18  Supply Depot  
  14  0:24  SCV  
  15  0:40  SCV  
  15  0:41  Barracks  
  16  0:47  Refinery  
  16  0:52  SCV  
  17  1:02  Barracks  
  17  1:07  SCV  
  18  1:28  Marine  
  18  1:29  Orbital Command  
  19  1:35  Supply Depot  
  19  1:51  Bunker  
  19  1:52  Marine  
  20  2:00  Barracks Tech Lab  
  20  2:02  SCV  
  21  2:14  SCV  
  22  2:19  Barracks  
  22  2:24  Combat Shield  
  22  2:28  Marine  
  23  2:33  SCV  
  24  2:45  Marine  
  25  2:53  Barracks Reactor  
  25  2:55  Command Center  
  25  2:57  SCV  
  26  3:03  Supply Depot  
  26  3:08  Marine x2  
  26  3:09  SCV  
  29  3:13  Refinery  
  29  3:21  SCV  
  29  3:26  Supply Depot  
  29  3:38  Marine  
  29  3:39  Marine  
  30  3:44  Marine  
  32  3:49  SCV  
  32  3:50  Supply Depot  
  33  3:56  Marine  
  33  3:57  Stimpack  
  33  4:00  Barracks Tech Lab  
  33  4:02  Factory  
  33  4:04  Marine  
  33  4:05  Marine  
  33  4:07  Orbital Command  
  35  4:20  Marauder  
  35  4:23  Marauder  
  39  4:41  Marauder  
  39  4:44  Marauder  
  43  4:54  Starport  
  43  5:02  Marauder  
  43  5:04  Orbital Command  
  43  5:06  Factory Reactor  
  45  5:19  Marauder, Marine x2  
  49  5:24  Marauder  
  51  5:30  SCV  
  51  5:31  Engineering Bay  
  51  5:34  Barracks  
  52  5:42  SCV  
  52  5:45  Marine x2  
  52  5:46  Marauder  
  52  5:48  SCV  
  58  5:55  SCV  
  52  6:00  SCV  
  51  6:05  Marine  
  52  6:13  Terran Infantry Weapons Level 1, Supply Depot  
  52  6:18  Factory Tech Lab  
  52  6:30  Marine x2  
  54  6:32  Barracks Reactor  
  54  6:35  SCV  
  54  6:36  Barracks  
  54  6:38  Medivac x2  
  59  6:47  SCV  
  59  6:49  Refinery  
  60  6:55  Command Center  
  60  6:56  Supply Depot  
  60  6:59  SCV  
  61  7:03  Siege Tank  
  64  7:10  Refinery  
  64  7:11  SCV  
  64  7:12  SCV  
  64  7:14  Medivac  
  68  7:24  SCV  
  68  7:27  Sensor Tower  
  69  7:36  Barracks Tech Lab  
  69  7:41  Marine x2  
  69  7:42  Marauder  
  73  7:47  Engineering Bay  
  73  7:52  SCV  
  73  7:53  SCV  
  73  7:58  Marauder, Marine x2  
  79  8:00  Siege Tank  
  79  8:05  SCV x2  
  84  8:07  Terran Infantry Armor Level 1  
  72  8:16  Marauder, Marine x2  
  72  8:17  Marauder  
  72  8:19  Marauder  
  80  8:20  Orbital Command  
  80  8:24  Factory  
  80  8:25  Medivac  
  82  8:33  Marine x2  
  84  8:36  Marine x2  
  84  8:38  Marauder  
  84  8:40  Medivac  
  90  9:07  Marine x3  
  90  9:08  Marauder x3, Marine  
  83  9:25  Marine x3  
  83  9:27  Marine  
  83  9:29  Marauder, Marine  
  83  9:30  Marauder  
  90  9:32  Siege Tank  
  90  9:34  Factory Tech Lab  
  90  9:36  SCV  
  94  9:38  Supply Depot  
  94  9:40  Armory  
  94  10:03  Marine x2  
  94  10:04  Marauder x3, Marine x2, Siege Tank  
  104  10:21  Marine x3  
Show
View Real Time Build Order
Export as new Build Order

AoDo Zerg 

Build Orders: Hatch First 

Get SALT Encoding   

  12  0:00  Drone  
  13  0:15  Overlord  
  13  0:18  Drone  
  14  0:34  Drone x2  
  16  0:53  Drone  
  16  0:55  Hatchery  
  16  0:56  Drone  
  17  1:02  Drone  
  18  1:12  Extractor  
  18  1:16  Spawning Pool  
  16  1:18  Drone  
  16  1:22  Drone  
  18  1:31  Drone  
  19  2:18  Queen x2  
  19  2:20  Zergling x4  
  19  2:21  Zergling x2  
  19  2:22  Zergling x4  
  27  2:24  Metabolic Boost  
  27  2:30  Overlord  
  27  2:42  Drone  
  28  2:44  Overlord  
  28  2:58  Drone x3  
  31  3:09  Drone x2  
  33  3:21  Drone  
  33  3:22  Drone  
  33  3:26  Zergling x2  
  36  3:27  Drone x3  
  36  3:28  Drone  
  36  3:32  Zergling x4  
  36  3:33  Zergling x2  
  38  3:46  Drone x2  
  40  3:55  Queen  
  40  3:57  Queen  
  40  3:59  Overlord x3  
  43  4:03  Zergling x2  
  44  4:10  Roach Warren  
  44  4:12  Zergling x2  
  44  4:19  Spine Crawler, Zergling x2  
  44  4:20  Zergling x2  
  44  4:21  Spine Crawler x2  
  44  4:22  Zergling x2  
  44  4:30  Zergling x10  
  49  4:36  Zergling x2  
  50  4:43  Overlord  
  50  4:44  Overlord  
  50  4:53  Roach  
  52  5:09  Zergling x2  
  52  5:10  Zergling x12  
  59  5:23  Baneling Nest  
  59  5:24  Drone x2  
  59  5:25  Drone  
  59  5:26  Drone, Hatchery  
  57  5:39  Zergling x2  
  57  5:40  Zergling x6  
  61  5:50  Zergling x6  
  61  5:56  Zergling x4  
  57  6:00  Zergling x2  
  57  6:01  Zergling x2  
  54  6:07  Zergling x4  
  54  6:10  Baneling x13  
  56  6:12  Zergling x2  
  56  6:16  Zergling x2  
  56  6:17  Zergling x6  
  61  6:24  Zergling x2  
  60  6:28  Zergling x6  
  63  6:35  Drone, Extractor  
  63  6:37  Drone  
  64  6:51  Zergling x4  
  64  6:53  Overlord x2  
  64  6:54  Overlord  
  66  7:00  Hatchery  
  66  7:01  Zergling x4  
  67  7:09  Drone  
  68  7:16  Drone x4  
  72  7:27  Hatchery  
  72  7:29  Drone x4, Hatchery  
  74  7:33  Extractor x2  
  72  7:37  Zergling x2  
  72  7:38  Zergling x2  
  72  7:41  Drone  
  72  7:42  Drone x3  
  45  8:19  Drone x4  
  52  8:20  Drone x5  
  54  8:32  Drone x2  
  54  8:33  Drone x2  
  58  8:37  Queen  
  58  8:38  Queen  
  62  8:42  Zergling x8  
  57  8:57  Zergling x12  
  57  8:58  Zergling x12  
  57  9:01  Drone x2  
  67  9:03  Zergling x2  
  67  9:04  Zergling x2  
  67  9:06  Queen  
  67  9:07  Queen  
  67  9:08  Zergling x2  
  73  9:14  Zergling x8  
  76  9:20  Zergling x2  
  73  9:32  Drone x9  
  73  9:35  Queen  
  84  9:44  Zergling x14  
  82  9:59  Zergling x2  
  81  10:00  Zergling x12  
  81  10:06  Zergling x10  
  73  10:10  Zergling x12  
  73  10:13  Zergling x2  
  73  10:14  Zergling x4  
  69  10:23  Zergling x8  
Tags
 
League
Diamond
Matchup
TvZ
Spawn Locations
Close Positions
Add a new tag
Caveats
  • Supply blocks, unpowered buildings, or Contaminate may cause inaccurate times.
  • Supply counts are checked every 10 seconds.